 Dungeon Crawl Stone Soup version 0.31.0-2-g5a2aebc5c2 (webtiles) character file.

Game seed: 8989264611644256117

199583 EnegeticOcto the Executioner (level 17, -31/159 HPs)
             Began as a Minotaur Fighter on Jan 20, 2024.
             Was the Champion of Jiyva.
             Annihilated by Agnes
             ... wielding a +3 lajatang of pain
              (50 damage)
             ... on level 4 of the Spider Nest.
             The game lasted 00:15:12 (18057 turns).

EnegeticOcto the Executioner (Minotaur Fighter)    Turns: 18057, Time: 00:15:13

Health: -31/159    AC: 38    Str: 30    XL:     17   Next: 51%
Magic:  14/16      EV: 12    Int: 12    God:    Jiyva [******]
Gold:   1651       SH: 13    Dex:  8    Spells: 16/16 levels left

rFire   . . .        a - +0 broad axe (vamp)
rCold   . . .        u - +1 kite shield {rPois}
rNeg    . . .        E - +10 chain mail of Anaesthesia {Fly Regen+}
rPois   +            (helmet unavailable)
rElec   .            e - +0 cloak
rCorr   +            G - +3 pair of gauntlets of War {Slay+5}
SInv    .            z - +2 pair of boots
Will    ++++.        (no amulet) Stlth
                     h - +4 ring of protection
HPRegen 2.86/turn    x - +4 ring of slaying
MPRegen 0.95/turn

%: no passive effects
@: lethally poisoned (-31 -> -33), calling ooze, flying
A: horns 3, retaliatory headbutt, talons 1, iridescent scales 2, clever 2,
strong-willed 3, sense surroundings 2, poison resistance, strong 1, acidic bite,
pseudopods 2, jelly sensing items, MP-powered wands, engulf
}: 1/15 runes: slimy
a: Renounce Religion, Oozemancy, Slimify


You were on level 4 of the Spider Nest.
You worshipped Jiyva.
Jiyva was exalted by your worship.
You visited 5 branches of the dungeon, and saw 31 of its levels.
You also visited: Volcano.

You collected 1972 gold pieces.
You spent 321 gold pieces at shops.

Inventory:

Hand Weapons
 a - a +0 vampiric broad axe (weapon)
   (You found it on level 14 of the Dungeon)
 c - a +0 war axe
 l - a +3 hand axe of freezing
   (You took it off a wight on level 9 of the Dungeon)
 v - a +0 heavy war axe
   (You found it on level 11 of the Dungeon)
 C - a +0 battleaxe of flaming
   (You found it in a volcano)
 J - a +4 dagger of distortion
   (You took it off Sonja on level 13 of the Dungeon)
Armour
 b - a +2 pair of gloves of dexterity
   (You bought it in a shop on level 2 of the Orcish Mines)
 e - a +0 cloak (worn)
   (You took it off Crazy Yiuf on level 3 of the Dungeon)
 u - a +1 kite shield of poison resistance (worn)
   (You took it off a tengu warrior on level 11 of the Dungeon)
 z - a +2 pair of boots (worn)
   (You found it on level 1 of the Lair of Beasts)
 E - the +10 chain mail of Anaesthesia (worn) {Fly Regen+}
   (You found it on level 1 of the Lair of Beasts)

   Fly:       It grants you flight.
   Regen+:    It increases your rate of health regeneration.
 G - the +3 pair of gauntlets of War (worn) {Slay+5}
   (You found it on level 13 of the Dungeon)

   Slay+5:    It affects your accuracy & damage with ranged weapons and melee
   (+5).
 M - a +2 chain mail of fire resistance
   (You found it on level 5 of the Pits of Slime)
Jewellery
 h - a +4 ring of protection (left hand)
   (You found it on level 5 of the Dungeon)
 n - a +4 ring of protection
   (You found it on level 11 of the Dungeon)
 o - a ring of ice
   (You found it on level 8 of the Dungeon)
 p - a ring of positive energy
   (You found it on level 5 of the Pits of Slime)
 s - a ring of protection from fire
   (You found it on level 9 of the Dungeon)
 w - a ring of protection from cold
   (You found it on level 14 of the Dungeon)
 x - a +4 ring of slaying (right hand)
   (You took it off a tengu warrior on level 11 of the Dungeon)
 H - a ring of willpower
   (You found it on level 3 of the Lair of Beasts)
Wands
 g - a wand of flame (33) {@v4}
   (You took it off Edmund on level 5 of the Dungeon)
 j - a wand of charming (14)
   (You found it on level 6 of the Dungeon)
 F - a wand of roots (4) {@v2}
   (You found it on level 2 of the Lair of Beasts)
 I - a wand of digging (5) {@v3}
   (You found it on level 13 of the Dungeon)
Scrolls
 i - a scroll of butterflies
 m - a scroll of poison
 t - 3 scrolls of revelation
 y - 8 scrolls of teleportation {@r3}
 D - 2 scrolls of vulnerability
 K - a scroll of immolation
Potions
 d - 4 potions of might {@q3}
 f - 2 potions of brilliance
 k - a potion of degeneration
 q - 2 potions of attraction
 r - 3 potions of enlightenment
 A - 2 potions of invisibility
 L - a potion of haste {@q4}
 P - a potion of magic
Miscellaneous
 O - a phantom mirror
   (You found it on level 2 of the Spider Nest)


   Skills:
 + Level 16.4 Fighting
 + Level 21.5 Axes
 + Level 16.5 Armour
 + Level 10.7 Dodging
 - Level 15.3 Shields
 + Level 4.3 Evocations


You had 16 spell levels left.
You didn't know any spells.
Your spell library was empty.

Dungeon Overview and Level Annotations

Branches:
Dungeon (15/15)            Temple (0/1) D:6            Lair (5/5) D:8
 Shoals (0/4) Lair:3       Spider (4/4) Lair:2        Slime (5/5) Lair:4
    Orc (2/2) D:9             Elf (0/3) Orc:2        Vaults (0/5) D:14
 Depths (0/4) D:15        Volcano (visited)

Altars:
Cheibriados
Fedhas
Gozag
Hepliaklqana
Makhleb
Okawaru
Qazlal
Ru
Jiyva

Shops:
D:10 [   Orc:2 ([***

Annotations:
D:8 Jeremiah
Lair:1 exclusion: oklob plant
Spider:4 Agnes
Slime:5 Royal Jelly


Innate Abilities, Weirdness & Mutations

You have a pair of large horns on your head.
You reflexively headbutt those who attack you in melee.
You have sharp toenails.
You are mostly covered in iridescent scales. (AC +4)
Your mind is very acute. (Int +8, Str/Dex -2)
You are extremely strong-willed. (Will+++)
You passively map the area around you.
Your system is resistant to poisons. (rPois)
Your muscles are strong. (Str +4, Int/Dex -1)
You have acidic saliva.
Armour fits poorly on your large pseudopods.
You have a small jelly attached to you that senses nearby items.
You expend magic power (3 MP) to strengthen your wands.
Your melee attacks may engulf your foes in ooze.


Message History

The tarantella touches you!
You are afflicted by dizzying energies!
You are confused.
Agnes barely misses you.
The jumping spider leaps!
You are too confused!
You are too confused!
You are too confused!
You are too confused!
You are too confused!
You are too confused!
You are too confused!
You are too confused!
You are too confused!
You are too confused!
You are too confused!
You feel better.
The tarantella's many legs skitter faintly.
Agnes barely misses you. You block the tarantella's attack.
Agnes barely misses you.
The tarantella touches you but does no damage.
You block Agnes's attack.
You slice the tarantella!!
You kill the tarantella!
You barely miss Agnes.
You hear a skittering sound.
You block Agnes's attack.
You miss Agnes. Your headbutt misses Agnes. Your bludgeon misses Agnes.
You hit the wolf spider.
You engulf the wolf spider in ooze!
The wolf spider is asphyxiated!
Agnes closely misses you.
Agnes hits you with a +3 lajatang of pain!
The wolf spider hits you but does no damage.
You block the wolf spider's attack.
Agnes hits you with a +3 lajatang of pain!!
You writhe in agony.
You slash the wolf spider!
You feel better.
You headbutt the wolf spider!! You bludgeon the wolf spider!
The wolf spider is severely wounded.
You slash Agnes!
You feel better.
You engulf Agnes in ooze!
Agnes is asphyxiated!
The wolf spider is asphyxiated!
You block the wolf spider's attack.
The wolf spider bites you but does no damage.
You block Agnes's attack.
The jumping spider leaps!
The wolf spider hits you but does no damage.
You block the wolf spider's attack. Agnes closely misses you.
You closely miss the wolf spider. You bite the wolf spider.
The acid corrodes the wolf spider!
The wolf spider is severely wounded.
You hit Agnes.
You feel better. Agnes closely misses you. You block the wolf spider's attack.
The wolf spider bites you but does no damage.
Agnes hits you but does no damage. The wolf spider hits you!!
The wolf spider closely misses you.
You slash the wolf spider!
The wolf spider is almost dead.
You slash Agnes!
You feel better.
Agnes is asphyxiated!
The wolf spider is asphyxiated!
Agnes hits you with a +3 lajatang of pain!!
You writhe in agony.
The culicivora rages.
A wolf spider comes into view.
The wolf spider barely misses you. The wolf spider bites you.
You are poisoned.
The wolf spider poisons you! Agnes barely misses you.
The wolf spider's many legs skitter.
You slash the wolf spider!
You feel better.
You kill the wolf spider!
You slice Agnes!!
You feel better.
You feel very sick.
Agnes is asphyxiated!
Agnes hits you with a +3 lajatang of pain!!
You writhe in agony.
Agnes misses you.
You hear a faint skittering sound.
You are too injured to fight recklessly!
You are too injured to fight recklessly!
You are too injured to fight recklessly!
You are too injured to fight recklessly!
You are too injured to fight recklessly!
You are too injured to fight recklessly!
You are too injured to fight recklessly!
You are too injured to fight recklessly!
You are too injured to fight recklessly!
Activating: Oozemancy (0% risk of failure)
Press: ? - help, Dir - look around, f - activate Slime begins to ooze from the nearby walls!
You feel very sick.
Agnes is asphyxiated!
The wall burns Agnes!
Agnes hits you with a +3 lajatang of pain!
The walls burn the culicivora!
The wall burns Agnes!
Agnes hits you with a +3 lajatang of pain!!
* * * LOW HITPOINT WARNING * * *
You writhe in agony.
* * * LOW HITPOINT WARNING * * *
The walls burn the culicivora!
The culicivora rages.
The walls burn the wolf spider!
The walls burn the jorogumo!
The walls burn the jumping spider!
The walls burn the moth of wrath!
You block the moth of wrath's attack.
The walls burn the wolf spider!
The wall burns Agnes!
Agnes hits you with a +3 lajatang of pain!!!
You die...
Agnes says, "May you follow the Path of Peace in your next life."

##################*## *
..........##...#†#ss#,**
, .#...#.##...^#..@is# ,
*,*
^.##.....##...#..ysH# ,
.......#...#..##.##..#
*, ,, *, ,
.#.†#....^###.^### *....
* )...#.#.....#.... *^
.#., ..##..#..#....#.##
∆ ..* ,
##^.†#....#...#... **.
*,^ .^..^#..#...#..#...
, , , ,
##s#.#.#.##....^### *, *


You could see Agnes (berserk, asphyxiating), a jorogumo, 2 wolf spiders, a moth
of wrath, a culicivora (berserk) and a jumping spider.

Vanquished Creatures
  Arachne (Spider:3)
  Jorgrun (Orc:1)
  Asterion (Spider:2)
  Frances (D:14)
  4 emperor scorpions
  A ghost moth (Spider:2)
  Louise (Spider:3)
  3 orc warlords (Orc:2)
  The ghost of Daviar the Carver, a journeyman DsGl of Gozag (Orc:2)
  A broodmother (Spider:3)
  An ironbound preserver (D:14)
  Azrael (D:14)
  3 spark wasps
  2 rakshasas (D:15)
  Erolcha (D:13)
  2 hydras
  4 boulder beetles
  A catoblepas (D:14)
  An ogre mage (Orc:2)
  Erica (D:8)
  A radroach (Spider:2)
  4 centaur warriors
  6 two-headed ogres
  A death knight (D:14)
  18 demonic crawlers
  5 orc high priests (Orc:2)
  3 tengu warriors
  Nergalle (Orc:1)
  Sonja (D:13)
  2 pharaoh ants
  A skyshark (Lair:2)
  5 orb spiders
  3 skeletal warriors (D:13)
  An arcanist (D:14)
  A sun moth (Spider:1)
  4 deep elf pyromancers
  5 steelbarb worms
  8 orc knights
  A lindwurm (Lair:3)
  6 orc sorcerers
  10 wolf spiders
  3 manticores
  2 moths of wrath
  6 cyclopes
  15 ugly things
  4 elephants (Lair:4)
  A kobold blastminer (Orc:1)
  2 black mambas (Lair:3)
  6 torpor snails
  15 cane toads
  2 gargoyles
  A water nymph (shapeshifter) (D:15)
  2 molten gargoyles (Volcano)
  7 orange demons (D:12)
  An unseen horror (D:11)
  A kobold demonologist (D:13)
  A freezing wraith (D:14)
  5 rime drakes
  8 komodo dragons
  3 efreet
  2 red devils (D:12)
  A merfolk (Lair:3)
  A polar bear (Lair:3)
  4 trolls
  7 blink frogs
  15 tarantellas
  Prince Ribbit (D:9)
  21 jumping spiders
  A vampire (D:13)
  5 culicivoras
  A shadow (D:10)
  2 wyverns
  A wraith (D:14)
  A steam dragon (D:8)
  33 yaks
  4 fire elementals
  5 basilisks
  A warg (Orc:2)
  47 redbacks
  3 vampire mosquitoes
  Edmund (D:5)
  9 water moccasins
  An acid dragon (D:11)
  5 hell hounds (D:14)
  37 orc warriors
  A sky beast (D:7)
  4 black bears
  An ice beast (D:6)
  A laughing skull (D:11)
  5 ogres
  17 wolves
  4 centaurs
  8 kobold brigands
  Blork the orc (D:6)
  10 bullfrogs
  A gnoll sergeant (D:13)
  3 scorpions (D:5)
  An earth elemental (Volcano)
  12 wights
  9 killer bees
  A howler monkey (D:10)
  7 hounds
  16 orc priests
  Crazy Yiuf (D:3)
  Terence (D:2)
  2 iguanas (D:5)
  32 orc wizards
  6 hell rats (Lair:3)
  8 gnolls
  3 adders
  A shadow imp (D:8)
  8 ufetubi
  A dart slug (D:1)
  79 orcs
  An endoplasm (D:1)
  A giant cockroach (D:1)
  3 hobgoblins (D:1)
  24 kobolds
  5 ball pythons
  3 bats
  7 frilled lizards
  4 goblins
  2 rats
  2 spectral weapons
709 creatures vanquished.

Vanquished Creatures (collateral kills)
  A stone giant (Volcano)
  A skeletal warrior (D:10)
  A rime drake (Lair:3)
  A centaur (D:8)
4 creatures vanquished.

Vanquished Creatures (others)
  A boulder beetle (D:15)
  A skeletal warrior (D:10)
  A glowing orange brain (D:15)
  An orc sorcerer (Orc:1)
  An ugly thing (D:15)
  Sigmund (D:3)
  4 slime creatures (D:15)
  A shadow (D:11)
  A redback (Spider:2)
  A centaur (D:10)
  An ogre (Orc:1)
  A bullfrog (Lair:3)
  58 jellies
  3 killer bees (D:7)
  A hound (D:4)
  An orc priest (Orc:1)
  3 orc wizards
  Robin (D:3)
  7 orcs
  4 bats
  A giant cockroach (D:3)
  12 goblins
  3 hobgoblins (D:3)
  5 kobolds (D:10)
  A quokka (D:2)
  4 ball pythons
  A frilled lizard (D:2)
120 creatures vanquished.

Grand Total: 833 creatures vanquished

Notes
Turn   | Place    | Note
-------+----------+-------------------------------------------
     0 | D:1      | EnegeticOcto the Minotaur Fighter began the quest for the
                  | Orb.
     0 | D:1      | Reached XP level 1. HP: 19/19 MP: 0/0
   144 | D:1      | Reached XP level 2. HP: 20/27 MP: 1/1
   412 | D:1      | Found a faded altar of an unknown god.
   423 | D:1      | Prayed at the altar of an unknown god.
   423 | D:1      | Became a worshipper of Jiyva Jisafeng the Shapeless
   423 | D:1      | Reached * piety under Jiyva
   445 | D:1      | Reached skill level 3 in Axes
   953 | D:2      | Reached XP level 3. HP: 33/33 MP: 2/2
  1019 | D:2      | Reached ** piety under Jiyva
  1354 | D:2      | Noticed Terence
  1364 | D:2      | Killed Terence
  1535 | D:3      | Reached XP level 4. HP: 38/40 MP: 3/3
  1576 | D:3      | Reached skill level 4 in Axes
  1603 | D:3      | Noticed Sigmund
  1641 | D:3      | Killed Sigmund
  1642 | D:3      | Reached XP level 5. HP: 36/44 MP: 4/4
  1687 | D:3      | Killed Robin
  1797 | D:3      | Reached *** piety under Jiyva
  2237 | D:3      | Found a runed translucent door.
  2238 | D:3      | Noticed Crazy Yiuf
  2246 | D:3      | Killed Crazy Yiuf
  2358 | D:4      | Gained mutation: You are strong-willed. (Will+) [Jiyva's
                  | grace]
  2358 | D:4      | Gained mutation: You are highly strong-willed. (Will++)
                  | [Jiyva's grace]
  2358 | D:4      | Gained mutation: You are extremely strong-willed. (Will+++)
                  | [Jiyva's grace]
  2358 | D:4      | Gained mutation: Armour fits poorly on your pseudopods.
                  | [Jiyva's grace]
  2452 | D:4      | Reached **** piety under Jiyva
  2656 | D:4      | Reached skill level 5 in Axes
  2666 | D:4      | Reached XP level 6. HP: 45/55 MP: 5/5
  2840 | D:4      | Reached ***** piety under Jiyva
  2854 | D:4      | Reached skill level 5 in Fighting
  3114 | D:5      | Entered Level 5 of the Dungeon
  3120 | D:5      | Reached skill level 5 in Shields
  3124 | D:5      | Reached skill level 5 in Armour
  3129 | D:5      | Reached skill level 6 in Axes
  3136 | D:5      | Reached XP level 7. HP: 36/61 MP: 6/6
  3159 | D:5      | Noticed Edmund
  3165 | D:5      | Killed Edmund
  3312 | D:5      | Reached skill level 7 in Axes
  3526 | D:6      | Found a staircase to the Ecumenical Temple.
  3534 | D:6      | Lost mutation: You are extremely strong-willed. (Will+++)
                  | [Jiyva's grace]
  3534 | D:6      | Lost mutation: Armour fits poorly on your pseudopods.
                  | [Jiyva's grace]
  3534 | D:6      | Gained mutation: You have supernaturally acute eyesight.
                  | (SInv) [Jiyva's grace]
  3534 | D:6      | Gained mutation: You have large cloven feet. [Jiyva's
                  | grace]
  3534 | D:6      | Gained mutation: You have hoof-like feet. [Jiyva's grace]
  3534 | D:6      | Gained mutation: You have hooves in place of feet. [Jiyva's
                  | grace]
  3540 | D:6      | Reached XP level 8. HP: 70/70 MP: 7/7
  3608 | D:6      | Reached skill level 8 in Axes
  3762 | D:6      | Reached ****** piety under Jiyva
  3789 | D:6      | Noticed Blork the orc
  3797 | D:6      | Killed Blork the orc
  4052 | D:7      | Reached skill level 9 in Axes
  4191 | D:7      | Reached XP level 9. HP: 69/79 MP: 8/8
  4770 | D:7      | Found a sacrificial altar of Ru.
  4774 | D:7      | Found an opulent altar of Gozag.
  4775 | D:7      | Found a burning altar of Makhleb.
  4982 | D:8      | Reached skill level 10 in Axes
  5007 | D:8      | Noticed Jeremiah
  5072 | D:9      | Lost mutation: You have supernaturally acute eyesight.
                  | (SInv) [Jiyva's grace]
  5072 | D:9      | Lost mutation: You are highly strong-willed. (Will++)
                  | [Jiyva's grace]
  5072 | D:9      | Lost mutation: You are strong-willed. (Will+) [Jiyva's
                  | grace]
  5072 | D:9      | Gained mutation: You possess an exceptional clarity of
                  | mind. [Jiyva's grace]
  5072 | D:9      | Gained mutation: Armour fits poorly on your pseudopods.
                  | [Jiyva's grace]
  5072 | D:9      | Gained mutation: Armour fits poorly on your large
                  | pseudopods. [Jiyva's grace]
  5072 | D:9      | Gained mutation: Armour fits poorly on your massive
                  | pseudopods. [Jiyva's grace]
  5184 | D:9      | Reached skill level 11 in Axes
  5214 | D:9      | Reached XP level 10. HP: 58/90 MP: 9/9
  5234 | D:9      | Noticed Prince Ribbit
  5235 | D:9      | Found a staircase to the Orcish Mines.
  5260 | D:9      | Killed Prince Ribbit
  5706 | D:10     | Entered Level 10 of the Dungeon
  5706 | D:10     | Found an iron altar of Okawaru.
  5706 | D:10     | Found a blossoming altar of Fedhas.
  5706 | D:10     | Found a stormy altar of Qazlal.
  5721 | D:10     | Found a snail-covered altar of Cheibriados.
  5939 | D:10     | Found Distro Wudae's Armour Shop.
  5961 | D:10     | Reached skill level 12 in Axes
  5967 | D:10     | Noticed a skeletal warrior
  5969 | D:10     | Noticed a skeletal warrior
  5976 | D:10     | Noticed a skeletal warrior
  6265 | D:10     | Slimified a skeletal warrior
  6265 | D:10     | a skeletal warrior changed into a slime creature
  6278 | D:10     | Killed a skeletal warrior
  6289 | D:10     | Killed a skeletal warrior
  6474 | D:11     | Noticed a boulder beetle
  6507 | D:11     | Killed a boulder beetle
  6508 | D:11     | Reached skill level 10 in Fighting
  6508 | D:11     | Reached skill level 13 in Axes
  6508 | D:11     | Reached XP level 11. HP: 79/99 MP: 10/10
  6550 | D:11     | Gained mutation: You are covered in slimy tendrils that may
                  | disarm your opponents. [Jiyva's grace]
  6550 | D:11     | Gained mutation: Your translucent skin slightly reduces
                  | your foes' accuracy. (Stealth+) [Jiyva's grace]
  6550 | D:11     | Gained mutation: Your translucent skin reduces your foes'
                  | accuracy. (Stealth+) [Jiyva's grace]
  6550 | D:11     | Gained mutation: Your transparent skin significantly
                  | reduces your foes' accuracy. (Stealth+) [Jiyva's grace]
  6693 | D:11     | Reached skill level 10 in Armour
  6700 | D:11     | Reached skill level 10 in Shields
  6849 | D:11     | Noticed an orc knight
  6860 | D:11     | Slimified an orc knight
  6860 | D:11     | an orc knight changed into a slime creature
  6904 | D:11     | Noticed a tengu warrior
  6916 | D:11     | Killed a tengu warrior
  6955 | D:11     | Noticed a two-headed ogre
  6960 | D:11     | Killed a two-headed ogre
  6961 | D:11     | Noticed a centaur warrior
  6966 | D:11     | Killed a centaur warrior
  6998 | D:11     | Noticed a seven-headed hydra
  7002 | D:11     | Slimified a seven-headed hydra
  7002 | D:11     | a seven-headed hydra changed into a slime creature
  7098 | D:11     | Reached skill level 14 in Axes
  7365 | D:11     | Noticed a tengu warrior
  7375 | D:11     | Killed a tengu warrior
  7477 | D:11     | Noticed a white ugly thing
  7477 | D:11     | Noticed a white ugly thing
  7491 | D:11     | Killed a green ugly thing
  7494 | D:11     | Killed a purple ugly thing
  7631 | D:8      | Noticed Erica
  7641 | D:8      | Killed Erica
  7735 | D:8      | Found a staircase to the Lair.
  7745 | D:8      | Reached XP level 12. HP: 110/110 MP: 11/11
  7749 | Lair:1   | Entered Level 1 of the Lair of Beasts
  7778 | Lair:1   | Reached skill level 15 in Axes
  7954 | Lair:1   | Found a dark tunnel.
  7961 | Volcano  | Entered a volcano
  8002 | Volcano  | Found a burning altar of Makhleb.
  8013 | Volcano  | Noticed a stone giant
  8022 | Volcano  | Killed a stone giant
  8160 | Lair:1   | Identified the +10 chain mail of Anaesthesia {Fly Regen+}
  8241 | Lair:2   | Lost mutation: You have hooves in place of feet. [Jiyva's
                  | grace]
  8241 | Lair:2   | Lost mutation: You have hoof-like feet. [Jiyva's grace]
  8241 | Lair:2   | Lost mutation: Armour fits poorly on your massive
                  | pseudopods. [Jiyva's grace]
  8241 | Lair:2   | Lost mutation: You have large cloven feet. [Jiyva's grace]
  8241 | Lair:2   | Gained mutation: You have sharp toenails. [Jiyva's grace]
  8241 | Lair:2   | Gained mutation: You have razor-sharp toenails. [Jiyva's
                  | grace]
  8241 | Lair:2   | Gained mutation: You have claws for feet. [Jiyva's grace]
  8241 | Lair:2   | Gained mutation: You have a small jelly attached to you
                  | that senses nearby items. [Jiyva's grace]
  8392 | Lair:2   | Found a hole to the Spider Nest.
  8768 | Lair:2   | Reached skill level 16 in Axes
  8911 | Lair:2   | Reached skill level 1 in Dodging
  9286 | Lair:3   | Found a staircase to the Shoals.
  9357 | Lair:3   | Found the +4 skin of Zhor {*Englaciate rC+++ SInv}
  9562 | Lair:3   | Reached XP level 13. HP: 70/119 MP: 12/12
  9845 | Lair:3   | Reached skill level 17 in Axes
  9845 | Lair:3   | Reached XP level 14. HP: 127/127 MP: 13/13
  9846 | Lair:3   | Reached skill level 5 in Dodging
  9846 | Lair:3   | Reached XP level 15. HP: 136/136 MP: 14/14
  9900 | Lair:4   | Lost mutation: You have claws for feet. [Jiyva's grace]
  9900 | Lair:4   | Lost mutation: Armour fits poorly on your large pseudopods.
                  | [Jiyva's grace]
  9900 | Lair:4   | Lost mutation: Your transparent skin significantly reduces
                  | your foes' accuracy. (Stealth+) [Jiyva's grace]
  9900 | Lair:4   | Gained mutation: Armour fits poorly on your large
                  | pseudopods. [Jiyva's grace]
  9900 | Lair:4   | Gained mutation: Armour fits poorly on your massive
                  | pseudopods. [Jiyva's grace]
  9900 | Lair:4   | Gained mutation: Your transparent skin significantly
                  | reduces your foes' accuracy. (Stealth+) [Jiyva's grace]
  9900 | Lair:4   | Gained mutation: You are partially covered in iridescent
                  | scales. (AC +2) [Jiyva's grace]
 10104 | Lair:4   | Reached skill level 18 in Axes
 10463 | Lair:4   | Found a hazy altar of Hepliaklqana.
 10626 | Lair:4   | Found a staircase to the Slime Pits.
 10809 | Lair:5   | Entered Level 5 of the Lair of Beasts
 10881 | Slime:1  | Entered Level 1 of the Pits of Slime
 10923 | Slime:1  | Noticed an acid blob
 10933 | Slime:1  | Noticed an acid blob
 10945 | Slime:1  | Noticed an azure jelly
 10947 | Slime:1  | Noticed an azure jelly
 11034 | Slime:3  | Noticed a rockslime
 11148 | Slime:4  | Noticed an azure jelly
 11181 | Slime:4  | Noticed an azure jelly
 11220 | Slime:4  | Noticed an acid blob
 11230 | Slime:5  | Entered Level 5 of the Pits of Slime
 11295 | Slime:5  | Noticed an acid blob
 11298 | Slime:5  | Noticed an acid blob
 11307 | Slime:5  | Noticed an acid blob
 11310 | Slime:5  | Identified the +10 dagger "Sewont" {holy, rN+ Dex+3}
 11313 | Slime:5  | Got a starry gem with 170 turns to spare
 11315 | Slime:5  | Got a slimy rune of Zot
 11327 | Slime:5  | Noticed an acid blob
 11362 | Slime:5  | Identified the ring "Ovohepp" {Str+6 Stlth+}
 11364 | Slime:5  | Noticed an acid blob
 11415 | Slime:5  | Identified the +3 demon blade "Minotaur's Bane" {drain,
                  | +Blink}
 11452 | Slime:5  | Noticed a rockslime
 11482 | Slime:5  | Found a viscous altar of Jiyva.
 11511 | Slime:5  | Noticed the Royal Jelly
 11546 | Slime:5  | Noticed an azure jelly
 11642 | Slime:4  | Noticed an acid blob
 11919 | Orc:1    | Entered Level 1 of the Orcish Mines
 11919 | Orc:1    | Noticed Nergalle
 11922 | Orc:1    | Noticed Jorgrun
 11925 | Orc:1    | Killed Nergalle
 11936 | Orc:1    | Killed Jorgrun
 12233 | Orc:2    | Entered Level 2 of the Orcish Mines
 12261 | Orc:2    | Found Deidaami's Weapon Emporium.
 12386 | Orc:2    | Lost mutation: You have razor-sharp toenails. [Jiyva's
                  | grace]
 12386 | Orc:2    | Lost mutation: You possess an exceptional clarity of mind.
                  | [Jiyva's grace]
 12386 | Orc:2    | Lost mutation: Your transparent skin significantly reduces
                  | your foes' accuracy. (Stealth+) [Jiyva's grace]
 12386 | Orc:2    | Lost mutation: You are covered in slimy tendrils that may
                  | disarm your opponents. [Jiyva's grace]
 12386 | Orc:2    | Gained mutation: You have acidic saliva. [Jiyva's grace]
 12386 | Orc:2    | Gained mutation: You have a pair of large horns on your
                  | head. [Jiyva's grace]
 12386 | Orc:2    | Gained mutation: You passively map a small area around you.
                  | [Jiyva's grace]
 12386 | Orc:2    | Gained mutation: You passively map the area around you.
                  | [Jiyva's grace]
 12660 | Orc:2    | Found a staircase to the Elven Halls.
 12825 | Orc:2    | Reached skill level 19 in Axes
 12974 | Orc:2    | Found a transporter.
 12975 | Orc:2    | Noticed Daviar's ghost (journeyman DsGl)
 12976 | Orc:2    | Found a transporter.
 12976 | Orc:2    | Identified the +3 great mace "Sezxeax" {spect, rPois Int+3}
 12976 | Orc:2    | Identified the +6 great mace "Biergh" {drain, *Slow Str+5}
 13013 | Orc:2    | Found Tabbe's General Store.
 13013 | Orc:2    | Found Baschir's General Store.
 13015 | Orc:2    | Found Ighor's Antique Armour Boutique.
 13015 | Orc:2    | Found Gaech's General Store.
 13026 | Orc:2    | Bought a scroll of teleportation for 48 gold pieces
 13026 | Orc:2    | Bought a scroll of teleportation for 48 gold pieces
 13029 | Orc:2    | Bought a pair of runed gloves for 225 gold pieces
 13084 | Orc:2    | Killed Daviar's ghost
 13790 | D:13     | Found the +3 pair of gauntlets of War {Slay+5}
 13870 | D:13     | Noticed Sonja
 13878 | D:13     | Killed Sonja
 13900 | D:13     | Reached XP level 16. HP: 147/147 MP: 15/15
 13999 | D:13     | Lost mutation: Armour fits poorly on your massive
                  | pseudopods. [Jiyva's grace]
 13999 | D:13     | Lost mutation: Your translucent skin reduces your foes'
                  | accuracy. (Stealth+) [Jiyva's grace]
 13999 | D:13     | Lost mutation: Your translucent skin slightly reduces your
                  | foes' accuracy. (Stealth+) [Jiyva's grace]
 13999 | D:13     | Gained mutation: Your mind is acute. (Int +4, Str/Dex -1)
                  | [Jiyva's grace]
 13999 | D:13     | Gained mutation: Your mind is very acute. (Int +8, Str/Dex
                  | -2) [Jiyva's grace]
 13999 | D:13     | Gained mutation: Your melee attacks may engulf your foes in
                  | ooze. [Jiyva's grace]
 13999 | D:13     | Gained mutation: Your muscles are strong. (Str +4, Int/Dex
                  | -1) [Jiyva's grace]
 14016 | D:13     | Noticed Erolcha
 14055 | D:13     | Killed Erolcha
 14447 | D:14     | Found a gate to the Vaults.
 14483 | D:14     | Found a blossoming altar of Fedhas.
 14483 | D:14     | Noticed Azrael
 14484 | D:14     | Noticed Frances
 14495 | D:14     | Killed Frances
 14498 | D:14     | Reached skill level 20 in Axes
 14511 | D:14     | Killed Azrael
 14560 | D:14     | Reached skill level 15 in Armour
 14892 | D:15     | Entered Level 15 of the Dungeon
 14904 | D:15     | Reached skill level 15 in Fighting
 15085 | D:15     | Lost mutation: You are partially covered in iridescent
                  | scales. (AC +2) [Jiyva's grace]
 15085 | D:15     | Gained mutation: You expend magic power (3 MP) to
                  | strengthen your wands. [Jiyva's grace]
 15085 | D:15     | Gained mutation: You are partially covered in iridescent
                  | scales. (AC +2) [Jiyva's grace]
 15085 | D:15     | Gained mutation: You are mostly covered in iridescent
                  | scales. (AC +4) [Jiyva's grace]
 15085 | D:15     | Gained mutation: You are completely covered in iridescent
                  | scales. (AC +6) [Jiyva's grace]
 15181 | D:15     | Reached skill level 15 in Shields
 15318 | D:15     | Found a staircase to the Depths.
 15626 | Spider:1 | Entered Level 1 of the Spider Nest
 15837 | Spider:1 | Identified the serpent talisman of the Beggar {rF+ Int+3}
 15837 | Spider:1 | Noticed Aizul
 15848 | Spider:1 | Slimified Aizul
 15848 | Spider:1 | Aizul changed into Aizul the azure jelly
 15848 | Spider:1 | Noticed Aizul
 16106 | Spider:2 | Noticed Asterion
 16117 | Spider:2 | Killed Asterion
 16175 | Spider:2 | Reached skill level 1 in Evocations
 16309 | Spider:2 | Reached skill level 21 in Axes
 16389 | Spider:2 | Reached XP level 17. HP: 151/158 MP: 16/16
 16547 | Spider:2 | Reached skill level 10 in Dodging
 16818 | Spider:3 | Lost mutation: You are completely covered in iridescent
                  | scales. (AC +6) [Jiyva's grace]
 16818 | Spider:3 | Gained mutation: You are strong-willed. (Will+) [Jiyva's
                  | grace]
 16818 | Spider:3 | Gained mutation: You are highly strong-willed. (Will++)
                  | [Jiyva's grace]
 16818 | Spider:3 | Gained mutation: You are extremely strong-willed. (Will+++)
                  | [Jiyva's grace]
 16818 | Spider:3 | Gained mutation: Your system is resistant to poisons.
                  | (rPois) [Jiyva's grace]
 17015 | Spider:3 | Noticed Arachne
 17059 | Spider:3 | Killed Arachne
 17303 | Spider:3 | Noticed Louise
 17312 | Spider:3 | Killed Louise
 17967 | Spider:4 | Entered Level 4 of the Spider Nest
 18045 | Spider:4 | Noticed Agnes
 18057 | Spider:4 | Annihilated by Agnes

Illustrated notes

Levels and vault maps discovered:
D:1:      giann_horns, layout_loops_corners, dreamdust_ecumenical_altar_grove,
          chequers_jeans, wander_ebering_terrifying_dragon_lair
D:2:      layout_loops_cross, uniq_terence
D:3:      layout_basic, corexii_hall_statues_i, uniq_crazy_yiuf_cottage,
          uniq_robin, uniq_sigmund
D:4:      cheibrodos_pilgrimage, layout_basic, cheibrodos_gnoll_hut
D:5:      layout_rooms, serial_curves, eino_curves_03, eino_curves_02,
          eino_curves_02, uniq_edmund
D:6:      layout_cave_pools, minmay_temple_entry_metal_lava, uniq_blork_the_orc
D:7:      layout_cave_pods, minitemple, amcnicky_mini_corridor_feature,
          sigmund_army
D:8:      layout_rooms, david_lair_shrubbed, corner_web_ring, uniq_erica,
          uniq_jeremiah
D:9:      layout_loops_ring, erik_orc_4, uniq_prince_ribbit1
D:10:     layout_basic, nicolae_overflow_quartered_altars, serial_shops,
          nicolae_shop_tiny_real_fake_doors, grunt_ministairs_14
D:11:     minmay_the_grid_triangle_9x9_recursive_2
          [minmay_the_grid_triangle_9x9_prize_insulated,
          minmay_the_grid_triangle_9x9_sprig,
          minmay_the_grid_triangle_9x9_empty,
          minmay_the_grid_triangle_9x9_semitri], layout_stronghold
D:12:     layout_roguey, minmay_beelzebubs_servants
D:13:     layout_big_octagon, serial_column_ruins, column_ruins_hut_ruined,
          column_ruins_columns_straight, column_ruins_corridor_straight,
          column_ruins_grid_2, uniq_erolcha, uniq_sonja
D:14:     layout_small_grid, skrybe_vaults_entry_preservation,
          solitary_fountain, kennysheep_nub, fedhas_altar_1, uniq_frances,
          uniq_azrael
D:15:     gammafunk_enter_depths_forms, layout_cave_pools, nrook_pool_corridor,
          serial_glass, glass_columns_c, glass_columns_b
Lair:1:   layout_big_grid, enter_volcano_4, minmay_lair_oklob_bushes
Lair:2:   layout_layer_cave, spider_nest_entry_web_field, grunt_megastairs_2,
          infiniplex_staircase_pool_2
Lair:3:   layout_gridlike, elwin_shoals_entry_rooms,
          hellmonk_guarded_unrand_zhor, lemuel_fruit_fields
Lair:4:   layout_layer_cave, dpeg_slime_entry_enclosed, basic_altar,
          beast_lair_carwin_10
Lair:5:   evil_forest, layout_hall_layers
Spider:1: layout_spider_delve, uniq_aizul
Spider:2: layout_spider_delve, worms_lemuel, uniq_asterion
Spider:3: layout_chambers, uniq_arachne, uniq_louise
Spider:4: grunt_spider_rune_circles, uniq_agnes
Slime:1:  nicolae_slime_infinislime, layout_caves
Slime:2:  nicolae_slime_jelly_donut, layout_caves,
          cheibrodos_slime_lost_civilization_7
Slime:3:  layout_caves
Slime:4:  nicolae_slime_spelunking
Slime:5:  slime_pit_nicolae_inversion
Orc:1:    layout_caves, uniq_jorgrun, uniq_nergalle
Orc:2:    grunt_orc_tribal_feast, layout_caves, gammafunk_ghost_smash,
          guppyfry_orc_lava_fort

Skill      XL: |  1  2  3  4  5  6  7  8  9 10 11 12 13 14 15 16 17 |
---------------+----------------------------------------------------+-----
Axes           | 3 4 5 6 7 9 11 13 14 16 17 19 21 | 21.5
Fighting       | 4 5 6 7 8 10 11 12 13 14 15 16 | 16.4
Armour         | 4 5 6 7 8 9 11 12 13 14 15 16 | 16.5
Shields        | 4 5 6 7 8 9 11 12 13 14 15 | 15.3
Dodging        | 2 4 5 7 9 10 | 10.7
Evocations     | 2 4 |  4.3

Action                     |  1- 3 |  4- 6 |  7- 9 | 10-12 | 13-15 | 16-18 || total
---------------------------+-------+-------+-------+-------+-------+-------++-------
  Melee: War axe           |    91 |   120 |   226 |   352 |   307 |    32 ||  1128
         Headbutt          |     8 |    12 |    30 |    74 |    67 |   135 ||   326
         Pseudopods        |       |     6 |    13 |    72 |    60 |   126 ||   277
         Kick              |       |       |    46 |   106 |    18 |       ||   170
         Bite              |       |       |       |       |    13 |    68 ||    81
         Broad axe         |       |       |       |       |       |   502 ||   502
 Invoke: Slimify           |       |       |       |     3 |       |     1 ||     4
         Oozemancy         |       |       |       |     1 |       |     1 ||     2
  Evoke: Wand              |       |       |     1 |       |     6 |       ||     7
    Use: Scroll            |     2 |       |     3 |     3 |     9 |     7 ||    24
         Potion            |       |     1 |     3 |     1 |     2 |     1 ||     8
 Armour: Scale mail        |    70 |   157 |   242 |   276 |       |       ||   745
         Chain mail        |       |       |       |    67 |   247 |   555 ||   869
  Dodge: Dodged            |    38 |    52 |   121 |   167 |   143 |   246 ||   767
  Block: Buckler           |    19 |    25 |    84 |    50 |       |       ||   178
         Kite shield       |       |       |       |   125 |   274 |   391 ||   790
